 Dungeon Crawl Stone Soup version 0.29.0-4-gdea44cf6ec (webtiles) character file.

Game seed: 1110562715252429380

28938 qw the Brawler (level 13, -7/127 HPs)
             Began as a Troll Cinder Acolyte on Sept 2, 2022.
             Was an Elder of Okawaru.
             Mangled by an 11-headed hydra (13 damage)
             ... on level 5 of the Lair of Beasts.
             The game lasted 00:06:52 (11227 turns).

qw the Brawler (Troll Cinder Acolyte)              Turns: 11227, Time: 00:06:52

Health: -7/127     AC: 11    Str: 29    XL:     13   Next: 12%
Magic:  14/15      EV: 10    Int: 10    God:    Okawaru [****..]
Gold:   588        SH:  5    Dex:  3    Spells: 14/14 levels left

rFire   . . .      SeeInvis .     - Unarmed
rCold   + . .      Faith    .   (no shield)
rNeg    . . .      Spirit   .   s - +1 robe of Vines {NoPotionHeal Regen++++}
rPois   .          Reflect  +   (helmet restricted)
rElec   .          Harm     .   e - scarf {repulsion}
rCorr   .          Rampage  .   (gloves unavailable)
Will    .....                   (boots unavailable)
Stlth   ++........              i - amulet of reflection
HPRegen 4.31/turn               o - ring of protection from cold
MPRegen 0.14/turn               y - +4 ring of protection

@: heroic, repel missiles, fire susceptible
A: large, unfitting armour, claws 3, regeneration 1, shaggy fur 1, tough skin 1,
iridescent scales 1, clumsy 1, fire resistance 1
a: Renounce Religion, Heroism, Finesse


You were on level 5 of the Lair of Beasts.
You worshipped Okawaru.
Okawaru was greatly pleased with you.
You visited 2 branches of the dungeon, and saw 13 of its levels.
You also visited: Ossuary.

You collected 812 gold pieces.
You spent 224 gold pieces at shops.


Innate Abilities, Weirdness & Mutations

You are too large for most types of armour.
You have claws for hands.
Your natural rate of healing is unusually fast.
You are covered in fur. (AC +1)
You have tough skin. (AC +1)
You are partially covered in iridescent scales. (AC +2)
You are clumsy. (Dex -2)
Your flesh is heat resistant. (rF+)


   Skills:
 - Level 8.0(13.0) Fighting
 + Level 7.0(12.0) Throwing
 - Level 1.0(6.0) Armour
 - Level 1.5(6.5) Dodging
 - Level 18.1(23.1) Unarmed Combat
 - Level 1.0 Spellcasting
 - Level 2.1 Fire Magic
 + Level 4.6 Invocations


You had 14 spell levels left.
You didn't know any spells.
Your spell library contained the following spells:

 Spells                   Type           Power      Damage    Failure   Level
 Scorch                   Fire           8%         2d5       22%         2

Inventory:

Missiles
 l - 6 silver javelins
 n - 3 silver boomerangs
 r - 4 javelins
 u - 5 boomerangs
 w - a large rock (quivered)
Armour
 a - a +0 cloak
 e - a scarf of repulsion (worn)
 s - the +1 robe of Vines (worn) {NoPotionHeal Regen++++}
   (You found it on level 1 of the Lair of Beasts)

   Its wearer cannot be healed by potions.
   Regen:     It increases your rate of health regeneration.
Jewellery
 i - an amulet of reflection (around neck)
 o - a ring of protection from cold (left claw)
 y - a +4 ring of protection (right claw)
Scrolls
 f - 5 scrolls of enchant weapon
 g - 4 scrolls of identify
 m - 7 scrolls of teleportation
Potions
 b - 12 potions of curing
 c - 5 potions of might
 d - 2 potions of cancellation
 j - 6 potions of mutation
 k - 2 potions of resistance
 q - a potion of haste

Dungeon Overview and Level Annotations

Branches:
Dungeon (8/15)             Temple (0/1) D:4            Lair (5/5) D:8
 Shoals (0/4) Lair:3        Snake (0/4) Lair:3      Ossuary (visited)
  Slime: Lair:4-5

Altars:
Ashenzari
Elyvilon
Okawaru
Sif Muna
Vehumet
Wu Jian
The Shining One

Shops:
D:6 *   D:7 [


Message History

The eight-headed hydra barely misses you.
You block the eight-headed hydra's attack.
The eight-headed hydra bites you.
The eight-headed hydra completely misses you.
The eight-headed hydra barely misses you.
You completely miss the eight-headed hydra.
You claw the eight-headed hydra!!
The eight-headed hydra is heavily wounded.
The eight-headed hydra bites you but does no damage.
The eight-headed hydra bites you!
The eight-headed hydra closely misses you.
You block the eight-headed hydra's attack.
The eight-headed hydra closely misses you.
The eight-headed hydra bites you. x3
You claw one of the eight-headed hydra's heads off!
The seven-headed hydra grows two more!
You mangle the nine-headed hydra!!
The nine-headed hydra is heavily wounded.
You tear one of the nine-headed hydra's heads off!
The eight-headed hydra grows two more!
You eviscerate the ten-headed hydra!!!
The ten-headed hydra is almost dead.
The ten-headed hydra bites you.
The ten-headed hydra bites you but does no damage.
You block the ten-headed hydra's attack.
The ten-headed hydra bites you!
The ten-headed hydra bites you but does no damage.
The ten-headed hydra bites you!
The ten-headed hydra closely misses you.
The ten-headed hydra bites you! The ten-headed hydra bites you.
You block the ten-headed hydra's attack.
You barely miss the ten-headed hydra. Your claw misses the ten-headed hydra.
The ten-headed hydra is almost dead.
You rip one of the ten-headed hydra's heads off!
The nine-headed hydra grows two more!
You claw the 11-headed hydra! You claw the 11-headed hydra.
The 11-headed hydra is almost dead.
The 11-headed hydra bites you!
The 11-headed hydra bites you but does no damage. x2
You block the 11-headed hydra's attack. The 11-headed hydra bites you! x3
The 11-headed hydra bites you. The 11-headed hydra bites you!
You die...

### # ##@###
###.#D...##
.D.........###
(77(##7......###
7 ###....P.##
7#........#
7...##....#
77#...#....#
7.....P.######


You could see a 11-headed hydra.

Vanquished Creatures
  Harold (Lair:1)
  2 hydras
  Urug (Lair:1)
  A lindwurm (Lair:5)
  Pikel (D:4)
  A cyclops (D:7)
  9 elephants
  Joseph (Lair:1)
  A torpor snail (Lair:3)
  A black mamba (Lair:2)
  11 cane toads
  4 rime drakes
  10 komodo dragons
  Grinder (D:3)
  11 blink frogs
  Sigmund (D:5)
  34 yaks
  A wyvern (Lair:1)
  12 fire elementals
  Menkaure (D:5)
  2 humans (D:8)
  A steam dragon (D:8)
  2 basilisks (Lair:2)
  Edmund (D:5)
  3 nagas (Lair:3)
  12 water moccasins
  2 sky beasts
  3 black bears
  2 ogres
  2 centaurs
  9 wolves
  A lemure (D:4)
  2 phantoms
  2 kobold brigands
  11 bullfrogs
  2 necrophages
  6 scorpions
  4 wights (D:7)
  5 killer bees (D:8)
  4 electric eels
  2 howler monkeys
  4 hounds
  A jelly (D:7)
  A human zombie (D:7)
  9 orc priests
  2 gnoll boudas (D:7)
  Jessica (D:2)
  Natasha (D:2)
  An iguana (D:4)
  6 orc wizards
  6 hell rats (Lair:1)
  8 mummies (Ossuary)
  6 gnolls (D:7)
  10 adders
  2 shadow imps
  4 white imps
  5 worms
  8 dart slugs
  31 orcs
  6 ball pythons
  8 endoplasms
  2 giant cockroaches (D:4)
  3 gnoll zombies (Ossuary)
  5 hobgoblins
  4 jackals (D:2)
  4 quokkas
  4 bats
  2 frilled lizards
  9 goblins
  4 hobgoblin zombies
  8 kobolds
  2 orc zombies (Ossuary)
  8 rats
358 creatures vanquished.

Vanquished Creatures (others)
  A kobold (D:4)
  3 bushes
  2 fungi
  29 plants
35 creatures vanquished.

Grand Total: 393 creatures vanquished

Notes
Turn   | Place    | Note
-------+----------+-------------------------------------------
     0 | D:1      | qw the Troll Cinder Acolyte began the quest for the Orb.
     0 | D:1      | Reached XP level 1. HP: 22/22 MP: 1/1
     0 | D:1      | 0 ||| qw: Version: 0.1-a-100-g36b9a1f
     0 | D:1      | 0 ||| qw: Game counter: 5019
     0 | D:1      | 0 ||| qw: Always use a shield: true
     0 | D:1      | 0 ||| qw: God list: Okawaru
     0 | D:1      | 0 ||| qw: Allow faded altars: false
     0 | D:1      | 0 ||| qw: Do Orc after D:15 true
     0 | D:1      | 0 ||| qw: Do second Lair branch before Depths: true
     0 | D:1      | 0 ||| qw: Lair rune preference: random
     0 | D:1      | 0 ||| qw: Plans: Normal
     0 | D:1      | 0 ||| PLANNING D:1-11
    62 | D:1      | 62 ||| Stepping ~*~*~tactically~*~*~ (stealth).
    63 | D:1      | 63 ||| Stepping ~*~*~tactically~*~*~ (stealth).
   108 | D:1      | 108 ||| Stepping ~*~*~tactically~*~*~ (hiding).
   112 | D:1      | Reached XP level 2. HP: 29/29 MP: 2/2
   229 | D:1      | 229 ||| Stepping ~*~*~tactically~*~*~ (hiding).
   494 | D:1      | 494 ||| Stepping ~*~*~tactically~*~*~ (hiding).
   498 | D:1      | Reached skill level 4 in Unarmed Combat
   597 | D:1      | Reached XP level 3. HP: 31/36 MP: 3/3
   686 | D:1      | 686 ||| UPGRADING to scarf of repulsion.
   691 | D:1      | 691 ||| DROPPING scarf of repulsion.
   692 | D:1      | 692 ||| UPGRADING to amulet of reflection.
   697 | D:1      | 697 ||| READING 3 scrolls labelled GURHAE XAOBB.
   698 | D:1      | 698 ||| READING 2 scrolls labelled KOLOCU RIRAEFE.
   699 | D:1      | 699 ||| READING scroll labelled IKLASEIWOE.
   700 | D:1      | 700 ||| READING scroll labelled HUOTAS TUEPP.
   701 | D:1      | 701 ||| READING scroll labelled CISHIZ UZALUO.
   702 | D:1      | 702 ||| READING scroll labelled WAYKHY DANELAA.
   811 | D:2      | 811 ||| Stepping ~*~*~tactically~*~*~ (stealth).
   900 | D:2      | Found a glowing golden altar of the Shining One.
  1048 | D:2      | 1048 ||| Stepping ~*~*~tactically~*~*~ (stealth).
  1178 | D:2      | Reached XP level 4. HP: 39/44 MP: 4/4
  1183 | D:2      | Noticed Jessica
  1185 | D:2      | 1185 ||| Stepping ~*~*~tactically~*~*~ (hiding).
  1191 | D:2      | 1191 ||| Stepping ~*~*~tactically~*~*~ (hiding).
  1194 | D:2      | Reached skill level 5 in Unarmed Combat
  1196 | D:2      | Noticed Natasha
  1198 | D:2      | 1198 ||| Stepping ~*~*~tactically~*~*~ (outnumbered).
  1199 | D:2      | 1199 ||| Stepping ~*~*~tactically~*~*~ (outnumbered).
  1200 | D:2      | 1200 ||| Stepping ~*~*~tactically~*~*~ (outnumbered).
  1201 | D:2      | Killed Jessica
  1209 | D:2      | Killed Natasha
  1233 | D:2      | 1233 ||| Stepping ~*~*~tactically~*~*~ (hiding).
  1631 | D:2      | Reached XP level 5. HP: 46/50 MP: 5/5
  1658 | D:2      | 1658 ||| DRINKING 4 glowing dark potions.
  1659 | D:2      | 1659 ||| READING 2 scrolls of identify.
  1659 | D:2      | 1659 ||| IDENTIFYING fuming cyan potion
  1678 | D:3      | Found an ornate altar of the Wu Jian Council.
  1754 | D:3      | 1754 ||| FLEEEEING.
  1759 | D:3      | 1759 ||| FLEEEEING.
  1760 | D:3      | 1760 ||| FLEEEEING.
  1761 | D:3      | 1761 ||| STAIRDANCE
  1778 | D:3      | 1778 ||| Stepping ~*~*~tactically~*~*~ (hiding).
  1785 | D:3      | Reached skill level 6 in Unarmed Combat
  1909 | D:3      | 1909 ||| Stepping ~*~*~tactically~*~*~ (hiding).
  1913 | D:3      | 1913 ||| Stepping ~*~*~tactically~*~*~ (hiding).
  1939 | D:3      | 1939 ||| Stepping ~*~*~tactically~*~*~ (outnumbered).
  1975 | D:3      | Noticed Grinder
  1991 | D:3      | Killed Grinder
  1992 | D:3      | Reached skill level 7 in Unarmed Combat
  1992 | D:3      | Reached XP level 6. HP: 43/59 MP: 6/6
  2036 | D:3      | 2036 ||| Stepping ~*~*~tactically~*~*~ (hiding).
  2037 | D:3      | 2037 ||| Stepping ~*~*~tactically~*~*~ (hiding).
  2070 | D:3      | 2070 ||| Stepping ~*~*~tactically~*~*~ (stealth).
  2093 | D:3      | 2093 ||| Stepping ~*~*~tactically~*~*~ (stealth).
  2241 | D:3      | 2241 ||| Stepping ~*~*~tactically~*~*~ (stealth).
  2244 | D:3      | 2244 ||| Stepping ~*~*~tactically~*~*~ (hiding).
  2248 | D:3      | 2248 ||| Stepping ~*~*~tactically~*~*~ (hiding).
  2257 | D:3      | 2257 ||| Stepping ~*~*~tactically~*~*~ (stealth).
  2258 | D:3      | 2258 ||| Stepping ~*~*~tactically~*~*~ (stealth).
  2314 | D:3      | Reached skill level 8 in Unarmed Combat
  2394 | D:3      | 2394 ||| READING scroll labelled YQICKO OM ORR.
  2395 | D:3      | 2395 ||| READING scroll labelled ZULYAR BAWA.
  2496 | D:3      | 2496 ||| DRINKING 2 glowing coppery potions.
  2546 | D:3      | 2546 ||| DRINKING 2 puce potions.
  2547 | D:3      | 2547 ||| DROPPING potion of lignification.
  2548 | D:3      | 2548 ||| DROPPING potion of attraction.
  2615 | D:4      | Found a staircase to the Ecumenical Temple.
  2701 | D:4      | Reached XP level 7. HP: 66/66 MP: 7/7
  2706 | D:4      | 2706 ||| Stepping ~*~*~tactically~*~*~ (hiding).
  2707 | D:4      | 2707 ||| Stepping ~*~*~tactically~*~*~ (hiding).
  2722 | D:4      | Reached skill level 3 in Fighting
  2749 | D:4      | Found a broken altar of Ashenzari.
  2755 | D:4      | 2755 ||| Stepping ~*~*~tactically~*~*~ (hiding).
  2756 | D:4      | 2756 ||| Stepping ~*~*~tactically~*~*~ (hiding).
  3049 | D:4      | Reached skill level 9 in Unarmed Combat
  3197 | D:4      | Reached skill level 1 in Dodging
  3395 | D:4      | Reached XP level 8. HP: 70/75 MP: 8/8
  3451 | D:4      | 3451 ||| READING scroll labelled ECARIB VOJACOO.
  3452 | D:4      | 3452 ||| READING scroll labelled NAHIR ZEUNUHUL.
  3453 | D:4      | 3453 ||| DRINKING 2 blue potions.
  3454 | D:4      | 3454 ||| READING 2 scrolls of identify.
  3454 | D:4      | 3454 ||| IDENTIFYING fuming sapphire potion
  3455 | D:4      | 3455 ||| DROPPING potion of ambrosia.
  3456 | D:4      | 3456 ||| DROPPING potion of brilliance.
  3505 | D:5      | Entered Level 5 of the Dungeon
  3505 | D:5      | Noticed Pikel
  3508 | D:5      | 3508 ||| STAIRDANCE
  3514 | D:5      | 3514 ||| STAIRDANCE
  3516 | D:4      | 3516 ||| Stepping ~*~*~tactically~*~*~ (outnumbered).
  3517 | D:4      | 3517 ||| Stepping ~*~*~tactically~*~*~ (outnumbered).
  3522 | D:4      | Killed Pikel
  3523 | D:4      | Reached skill level 10 in Unarmed Combat
  3575 | D:5      | Noticed Edmund
  3582 | D:5      | Noticed Sigmund
  3583 | D:5      | 3583 ||| INVOKING Fiery Armour.
  3588 | D:5      | Killed Edmund
  3606 | D:5      | HP: 15/78 [something (10)]
  3608 | D:5      | Killed Sigmund
  3609 | D:5      | Reached skill level 11 in Unarmed Combat
  3609 | D:5      | Reached XP level 9. HP: 15/84 MP: 9/9
  3713 | D:5      | 3713 ||| Stepping ~*~*~tactically~*~*~ (hiding).
  3896 | D:5      | 3896 ||| INVOKING Fiery Armour.
  3897 | D:5      | 3897 ||| Stepping ~*~*~tactically~*~*~ (outnumbered).
  3900 | D:5      | 3900 ||| Stepping ~*~*~tactically~*~*~ (outnumbered).
  3902 | D:5      | 3902 ||| DRINKING 6 potions of curing.
  3902 | D:5      | 3902 ||| (to cure confusion)
  3906 | D:5      | 3906 ||| Stepping ~*~*~tactically~*~*~ (outnumbered).
  3912 | D:5      | 3912 ||| Stepping ~*~*~tactically~*~*~ (outnumbered).
  4023 | D:5      | Noticed Menkaure
  4031 | D:5      | 4031 ||| INVOKING Fiery Armour.
  4032 | D:5      | Killed Menkaure
  4033 | D:5      | Reached skill level 1 in Throwing
  4121 | D:5      | 4121 ||| UPGRADING to +2 robe of willpower.
  4131 | D:5      | 4131 ||| DROPPING +0 robe.
  4132 | D:5      | 4132 ||| DRINKING 2 white potions.
  4133 | D:5      | 4133 ||| DROPPING potion of degeneration.
  4322 | D:6      | Found Teydab's General Store.
  4326 | D:6      | 4326 ||| BUYING scroll of identify (20 gold).
  4326 | D:6      | Bought a scroll of identify for 20 gold pieces
  4363 | D:6      | 4363 ||| Stepping ~*~*~tactically~*~*~ (hiding).
  4706 | D:6      | Reached skill level 12 in Unarmed Combat
  4870 | D:6      | 4870 ||| UPGRADING to ring of protection from cold.
  4871 | D:6      | 4871 ||| READING scroll labelled CETURR BONOI.
  4872 | D:6      | 4872 ||| READING scroll labelled DARCHY RY ALORPH.
  4873 | D:6      | 4873 ||| READING scroll labelled YTE JOETUCSIUHEL.
  4874 | D:6      | 4874 ||| READING scroll labelled LEIDUM PIUN.
  4875 | D:6      | 4875 ||| READING 2 scrolls of identify.
  4875 | D:6      | 4875 ||| IDENTIFYING sedimented ruby potion
  4876 | D:6      | 4876 ||| DROPPING potion of berserk rage.
  4877 | D:6      | 4877 ||| READING 3 scrolls of teleportation.
  4889 | D:7      | Noticed a komodo dragon
  4890 | D:7      | 4890 ||| PLANNING OSSUARY
  4890 | D:7      | 4890 ||| STAIRDANCE
  4894 | D:6      | Killed a komodo dragon
  4897 | D:7      | 4897 ||| STAIRDANCE
  4906 | D:7      | 4906 ||| STAIRDANCE
  4908 | D:6      | 4908 ||| Stepping ~*~*~tactically~*~*~ (outnumbered).
  4909 | D:6      | 4909 ||| Stepping ~*~*~tactically~*~*~ (outnumbered).
  4910 | D:6      | 4910 ||| Stepping ~*~*~tactically~*~*~ (outnumbered).
  4911 | D:6      | 4911 ||| Stepping ~*~*~tactically~*~*~ (outnumbered).
  4912 | D:6      | 4912 ||| Stepping ~*~*~tactically~*~*~ (outnumbered).
  4940 | D:7      | 4940 ||| Stepping ~*~*~tactically~*~*~ (stealth).
  5010 | D:7      | Found Sebbir's Antique Armour Shop.
  5016 | D:7      | 5016 ||| BUYING cloak (112 gold).
  5016 | D:7      | Bought a cloak for 112 gold pieces
  5016 | D:7      | 5016 ||| SHOPLISTING embroidered cloak (187 gold, have
                  | 131).
  5016 | D:7      | 5016 ||| SHOPLISTING glowing cloak (187 gold, have 131).
  5016 | D:7      | 5016 ||| BUYING runed robe (92 gold).
  5016 | D:7      | Bought a runed robe for 92 gold pieces
  5020 | D:7      | 5020 ||| INVOKING Fiery Armour.
  5027 | D:7      | 5027 ||| Stepping ~*~*~tactically~*~*~ (outnumbered).
  5066 | D:7      | Found a sand-covered staircase.
  5068 | D:7      | 5068 ||| Stepping ~*~*~tactically~*~*~ (stealth).
  5115 | Ossuary  | Entered an ossuary
  5119 | Ossuary  | 5119 ||| INVOKING Fiery Armour.
  5123 | Ossuary  | 5123 ||| Stepping ~*~*~tactically~*~*~ (outnumbered).
  5125 | Ossuary  | 5125 ||| Stepping ~*~*~tactically~*~*~ (outnumbered).
  5154 | Ossuary  | 5154 ||| Stepping ~*~*~tactically~*~*~ (outnumbered).
  5156 | Ossuary  | 5156 ||| Stepping ~*~*~tactically~*~*~ (outnumbered).
  5157 | Ossuary  | 5157 ||| Stepping ~*~*~tactically~*~*~ (outnumbered).
  5159 | Ossuary  | 5159 ||| Stepping ~*~*~tactically~*~*~ (outnumbered).
  5161 | Ossuary  | 5161 ||| Stepping ~*~*~tactically~*~*~ (outnumbered).
  5293 | Ossuary  | 5293 ||| DRINKING 5 lumpy grey potions.
  5293 | Ossuary  | Gained mutation: You are clumsy. (Dex -2) [potion of
                  | mutation]
  5293 | Ossuary  | Gained mutation: You have hidden genetic potential. [potion
                  | of mutation]
  5294 | Ossuary  | 5294 ||| DRINKING 2 golden potions.
  5295 | Ossuary  | 5295 ||| DRINKING 2 silvery potions.
  5315 | D:7      | 5315 ||| PLANNING D:1-11
  5348 | D:7      | Reached skill level 13 in Unarmed Combat
  5350 | D:7      | 5350 ||| Stepping ~*~*~tactically~*~*~ (stealth).
  5352 | D:7      | 5352 ||| Stepping ~*~*~tactically~*~*~ (stealth).
  5361 | D:7      | 5361 ||| Stepping ~*~*~tactically~*~*~ (outnumbered).
  5397 | D:7      | 5397 ||| Stepping ~*~*~tactically~*~*~ (stealth).
  5411 | D:7      | 5411 ||| FLEEEEING.
  5412 | D:7      | 5412 ||| FLEEEEING.
  5413 | D:7      | 5413 ||| FLEEEEING.
  5414 | D:7      | 5414 ||| FLEEEEING.
  5419 | D:7      | 5419 ||| Stepping ~*~*~tactically~*~*~ (hiding).
  5534 | D:7      | 5534 ||| Stepping ~*~*~tactically~*~*~ (stealth).
  5538 | D:7      | 5538 ||| Stepping ~*~*~tactically~*~*~ (outnumbered).
  5662 | D:7      | Noticed a cyclops
  5663 | D:7      | 5663 ||| INVOKING Fiery Armour.
  5666 | D:7      | Reached XP level 10. HP: 96/96 MP: 10/10
  5670 | D:7      | 5670 ||| Stepping ~*~*~tactically~*~*~ (outnumbered).
  5671 | D:7      | 5671 ||| Stepping ~*~*~tactically~*~*~ (outnumbered).
  5672 | D:7      | Reached skill level 3 in Throwing
  5685 | D:7      | Killed a cyclops
  5817 | D:7      | Found a radiant altar of Vehumet.
  5820 | D:7      | Found a shimmering blue altar of Sif Muna.
  5826 | D:7      | 5826 ||| READING 2 scrolls of identify.
  5826 | D:7      | 5826 ||| IDENTIFYING emerald potion
  5944 | D:8      | 5944 ||| Stepping ~*~*~tactically~*~*~ (outnumbered).
  5957 | D:8      | 5957 ||| INVOKING Fiery Armour.
  6096 | D:8      | 6096 ||| INVOKING Fiery Armour.
  6099 | D:8      | Reached skill level 14 in Unarmed Combat
  6101 | D:8      | HP: 23/96 [yak (6)]
  6102 | D:8      | 6102 ||| READING 4 scrolls of teleportation.
  6103 | D:8      | 6103 ||| DRINKING potion of heal wounds.
  6114 | D:8      | Gained mutation: Your flesh is heat resistant. (rF+)
                  | [hidden potential]
  6188 | D:8      | Found a staircase to the Lair.
  6269 | D:8      | Found a white marble altar of Elyvilon.
  6275 | D:8      | 6275 ||| FLEEEEING.
  6277 | D:8      | 6277 ||| FLEEEEING.
  6437 | D:8      | 6437 ||| Stepping ~*~*~tactically~*~*~ (stealth).
  6464 | D:8      | 6464 ||| Stepping ~*~*~tactically~*~*~ (hiding).
  6468 | D:8      | Found a flagged portal.
  6472 | D:8      | 6472 ||| Stepping ~*~*~tactically~*~*~ (hiding).
  6599 | D:8      | Identified the +5 dagger "Zotach" {holy, Int+4}
  6732 | D:8      | Found an iron altar of Okawaru.
  6814 | D:8      | 6814 ||| Stepping ~*~*~tactically~*~*~ (stealth).
  6815 | D:8      | 6815 ||| Stepping ~*~*~tactically~*~*~ (stealth).
  6841 | D:8      | 6841 ||| PLANNING LAIR
  6841 | D:8      | 6841 ||| DROPPING amulet of guardian spirit.
  6842 | D:8      | 6842 ||| UPGRADING to +4 ring of protection.
  6843 | D:8      | 6843 ||| READING scroll labelled TYCEWI ZITHRIZ.
  6844 | D:8      | 6844 ||| DRINKING 2 pink potions.
  6845 | D:8      | 6845 ||| READING 2 scrolls of identify.
  6845 | D:8      | 6845 ||| IDENTIFYING inky potion
  6846 | D:8      | 6846 ||| DROPPING potion of flight.
  6899 | Lair:1   | Entered Level 1 of the Lair of Beasts
  6968 | Lair:1   | Reached skill level 6 in Fighting
  7032 | Lair:1   | Noticed a cane toad
  7034 | Lair:1   | 7034 ||| INVOKING Fiery Armour.
  7037 | Lair:1   | Killed a cane toad
  7064 | Lair:1   | Reached XP level 11. HP: 93/105 MP: 11/11
  7082 | Lair:1   | 7082 ||| Stepping ~*~*~tactically~*~*~ (stealth).
  7086 | Lair:1   | 7086 ||| Stepping ~*~*~tactically~*~*~ (stealth).
  7153 | Lair:1   | 7153 ||| Stepping ~*~*~tactically~*~*~ (stealth).
  7260 | Lair:1   | Reached skill level 6 in Throwing
  7287 | Lair:1   | Noticed Urug
  7288 | Lair:1   | 7288 ||| INVOKING Fiery Armour.
  7295 | Lair:1   | Killed Urug
  7296 | Lair:1   | Reached skill level 15 in Unarmed Combat
  7299 | Lair:1   | Gained mutation: You are partially covered in iridescent
                  | scales. (AC +2) [hidden potential]
  7299 | Lair:1   | Lost mutation: You have hidden genetic potential. [hidden
                  | potential expressed]
  7541 | Lair:1   | 7541 ||| Stepping ~*~*~tactically~*~*~ (stealth).
  7790 | Lair:1   | Noticed Joseph
  7792 | Lair:1   | 7792 ||| Stepping ~*~*~tactically~*~*~ (hiding).
  7803 | Lair:1   | Killed Joseph
  7804 | Lair:1   | 7804 ||| INVOKING Fiery Armour.
  7894 | Lair:1   | Found the +1 robe of Vines {NoPotionHeal Regen++++}
  8062 | Lair:1   | 8062 ||| DROPPING +1 robe of fire resistance.
  8063 | Lair:1   | 8063 ||| UPGRADING to +1 robe of Vines {NoPotionHeal
                  | Regen++++}.
  8073 | Lair:1   | 8073 ||| DROPPING +2 robe of willpower.
  8074 | Lair:1   | 8074 ||| DROPPING +0 steam dragon scales.
  8075 | Lair:1   | 8075 ||| DRINKING 2 fuming brown potions.
  8076 | Lair:1   | 8076 ||| DROPPING potion of magic.
  8098 | Lair:2   | Noticed Harold
  8107 | Lair:2   | 8107 ||| INVOKING Fiery Armour.
  8108 | Lair:2   | 8108 ||| Stepping ~*~*~tactically~*~*~ (outnumbered).
  8109 | Lair:2   | 8109 ||| STAIRDANCE
  8112 | Lair:1   | Killed Harold
  8125 | Lair:2   | Reached skill level 16 in Unarmed Combat
  8173 | Lair:2   | 8173 ||| Stepping ~*~*~tactically~*~*~ (stealth).
  8178 | Lair:2   | 8178 ||| DRINKING potion of cancellation.
  8266 | Lair:2   | Noticed an eight-headed hydra
  8267 | Lair:2   | 8267 ||| Stepping ~*~*~tactically~*~*~ (stealth).
  8268 | Lair:2   | 8268 ||| Stepping ~*~*~tactically~*~*~ (stealth).
  8269 | Lair:2   | 8269 ||| INVOKING Fiery Armour.
  8270 | Lair:2   | 8270 ||| Stepping ~*~*~tactically~*~*~ (stealth).
  8274 | Lair:2   | 8274 ||| Stepping ~*~*~tactically~*~*~ (outnumbered).
  8275 | Lair:2   | 8275 ||| Stepping ~*~*~tactically~*~*~ (outnumbered).
  8276 | Lair:2   | 8276 ||| Stepping ~*~*~tactically~*~*~ (outnumbered).
  8277 | Lair:2   | 8277 ||| Stepping ~*~*~tactically~*~*~ (outnumbered).
  8278 | Lair:2   | 8278 ||| Stepping ~*~*~tactically~*~*~ (outnumbered).
  8279 | Lair:2   | 8279 ||| Stepping ~*~*~tactically~*~*~ (outnumbered).
  8279 | Lair:2   | Killed an eight-headed hydra
  8289 | Lair:2   | 8289 ||| Stepping ~*~*~tactically~*~*~ (outnumbered).
  8290 | Lair:2   | 8290 ||| Stepping ~*~*~tactically~*~*~ (outnumbered).
  8325 | Lair:2   | 8325 ||| PLANNING CONVERSION TO OKAWARU
  8531 | D:8      | Fell from the grace of Ignis
  8531 | D:8      | Became a worshipper of Warmaster Okawaru
  8532 | D:8      | 8532 ||| PLANNING LAIR
  8544 | D:8      | 8544 ||| DROPPING amulet of regeneration.
  8653 | Lair:2   | 8653 ||| STAIRDANCE
  8661 | Lair:2   | 8661 ||| STAIRDANCE
  8761 | Lair:2   | Reached XP level 12. HP: 118/118 MP: 12/12
  8803 | Lair:2   | 8803 ||| Stepping ~*~*~tactically~*~*~ (outnumbered).
  8905 | Lair:2   | Reached * piety under Okawaru
  9386 | Lair:3   | 9386 ||| INVOKING Heroism.
  9396 | Lair:3   | Reached skill level 1 in Invocations
  9397 | Lair:3   | 9397 ||| INVOKING Heroism.
  9491 | Lair:3   | You fall into a shaft and drop 1 floor!
  9600 | Lair:3   | Found a staircase to the Shoals.
  9604 | Lair:3   | 9604 ||| INVOKING Heroism.
  9605 | Lair:3   | Found a staircase to the Snake Pit.
  9614 | Lair:3   | 9614 ||| Stepping ~*~*~tactically~*~*~ (outnumbered).
  9623 | Lair:3   | 9623 ||| Stepping ~*~*~tactically~*~*~ (outnumbered).
  9632 | Lair:3   | Reached skill level 3 in Invocations
  9632 | Lair:3   | 9632 ||| INVOKING Heroism.
  9641 | Lair:3   | Reached ** piety under Okawaru
  9885 | Lair:3   | 9885 ||| INVOKING Heroism.
  9945 | Lair:3   | 9945 ||| INVOKING Heroism.
 10108 | Lair:4   | Reached skill level 17 in Unarmed Combat
 10469 | Lair:4   | 10469 ||| INVOKING Heroism.
 10518 | Lair:4   | 10518 ||| INVOKING Heroism.
 10519 | Lair:4   | Noticed a seven-headed hydra
 10528 | Lair:4   | 10528 ||| Stepping ~*~*~tactically~*~*~ (outnumbered).
 10533 | Lair:4   | Killed a 12-headed hydra
 10540 | Lair:4   | 10540 ||| FLEEEEING.
 10541 | Lair:4   | 10541 ||| FLEEEEING.
 10542 | Lair:4   | 10542 ||| FLEEEEING.
 10543 | Lair:4   | 10543 ||| FLEEEEING.
 10545 | Lair:4   | 10545 ||| Stepping ~*~*~tactically~*~*~ (outnumbered).
 10546 | Lair:4   | 10546 ||| Stepping ~*~*~tactically~*~*~ (outnumbered).
 10547 | Lair:4   | 10547 ||| Stepping ~*~*~tactically~*~*~ (outnumbered).
 10548 | Lair:4   | 10548 ||| Stepping ~*~*~tactically~*~*~ (outnumbered).
 10549 | Lair:4   | 10549 ||| Stepping ~*~*~tactically~*~*~ (outnumbered).
 10550 | Lair:4   | 10550 ||| Stepping ~*~*~tactically~*~*~ (outnumbered).
 10551 | Lair:4   | 10551 ||| Stepping ~*~*~tactically~*~*~ (outnumbered).
 10749 | Lair:4   | 10749 ||| INVOKING Heroism.
 10751 | Lair:4   | 10751 ||| Stepping ~*~*~tactically~*~*~ (outnumbered).
 10752 | Lair:4   | 10752 ||| Stepping ~*~*~tactically~*~*~ (stealth).
 10766 | Lair:4   | Reached *** piety under Okawaru
 11032 | Lair:5   | Entered Level 5 of the Lair of Beasts
 11038 | Lair:5   | 11038 ||| INVOKING Heroism.
 11039 | Lair:5   | 11039 ||| Stepping ~*~*~tactically~*~*~ (stealth).
 11049 | Lair:5   | 11049 ||| Stepping ~*~*~tactically~*~*~ (stealth).
 11053 | Lair:5   | 11053 ||| Stepping ~*~*~tactically~*~*~ (stealth).
 11056 | Lair:5   | 11056 ||| INVOKING Heroism.
 11060 | Lair:5   | 11060 ||| Stepping ~*~*~tactically~*~*~ (hiding).
 11061 | Lair:5   | 11061 ||| Stepping ~*~*~tactically~*~*~ (hiding).
 11062 | Lair:5   | 11062 ||| Stepping ~*~*~tactically~*~*~ (outnumbered).
 11063 | Lair:5   | 11063 ||| Stepping ~*~*~tactically~*~*~ (outnumbered).
 11064 | Lair:5   | 11064 ||| Stepping ~*~*~tactically~*~*~ (outnumbered).
 11067 | Lair:5   | Reached skill level 18 in Unarmed Combat
 11068 | Lair:5   | 11068 ||| Stepping ~*~*~tactically~*~*~ (outnumbered).
 11077 | Lair:5   | 11077 ||| DRINKING 13 potions of curing.
 11077 | Lair:5   | 11077 ||| (to cure confusion)
 11079 | Lair:5   | 11079 ||| INVOKING Heroism.
 11127 | Lair:5   | 11127 ||| Stepping ~*~*~tactically~*~*~ (stealth).
 11132 | Lair:5   | 11132 ||| INVOKING Heroism.
 11134 | Lair:5   | Reached XP level 13. HP: 119/127 MP: 12/15
 11140 | Lair:5   | Reached **** piety under Okawaru
 11148 | Lair:5   | Received a gift from Okawaru
 11151 | Lair:5   | Reached skill level 1 in Armour
 11153 | Lair:5   | 11153 ||| Stepping ~*~*~tactically~*~*~ (outnumbered).
 11155 | Lair:5   | 11155 ||| Stepping ~*~*~tactically~*~*~ (outnumbered).
 11156 | Lair:5   | 11156 ||| Stepping ~*~*~tactically~*~*~ (outnumbered).
 11157 | Lair:5   | 11157 ||| Stepping ~*~*~tactically~*~*~ (outnumbered).
 11215 | Lair:5   | 11215 ||| Stepping ~*~*~tactically~*~*~ (stealth).
 11217 | Lair:5   | 11217 ||| INVOKING Heroism.
 11227 | Lair:5   | HP: 19/127 [11-headed hydra (13)]
 11227 | Lair:5   | HP: 6/127 [11-headed hydra (5)]
 11227 | Lair:5   | Mangled by an 11-headed hydra

Levels and vault maps discovered:
D:1:      ncdulo_smallfort, layout_rooms, minmay_stone_trees_small
D:2:      layout_basic, basic_altar, kennysheep_generic_room_3, uniq_natasha,
          uniq_jessica
D:3:      layout_rooms, nzn_wu_jian_council_hall, uniq_grinder
D:4:      layout_gridville, ashenzari_altar_1, minmay_temple_entry_slanted,
          nicolae_concentric_dashed_squares_mild, nrook_loot_triangle,
          minmay_misc_feat_encased, minmay_misc_feat_x, minmay_surrounded
D:5:      layout_rooms, uniq_menkaure, uniq_sigmund, uniq_edmund, uniq_pikel
D:6:      layout_loops_ring, serial_shops, kennysheep_mini
D:7:      cheibrodos_barr_body, layout_rooms, gammafunk_temple_overflow_statue,
          enter_ossuary_3, serial_shops, shop, hangedman_decor_riveting
D:8:      layout_rooms, okawaru_humans, nicolae_elyvilon_temple_path,
          david_lair_shrubbed, enter_bailey_3
Lair:1:   layout_cave_pods, guppyfry_lair_drakes, uniq_urug, uniq_joseph
Lair:2:   layout_cave_pods, grunt_megastairs_3, lemuel_fruit_tree, uniq_harold
Lair:3:   layout_cave_shapes, elwin_shoals_entry_rocks,
          minmay_snake_entry_guardpost_small, grunt_megastairs_5
Lair:4:   layout_cave_shapes, grunt_megastairs_1, serial_bayou_shore_b,
          serial_bayou_shore_a, infiniplex_staircase_pool
Lair:5:   hellmonk_lair_end_abyssal_woods, layout_loops_ring, slime_entry_1,
          wad_woods_06, grunt_megastairs_4, infiniplex_staircase_pool_2

Skill      XL: |  1  2  3  4  5  6  7  8  9 10 11 12 13 |
---------------+----------------------------------------+-----
Unarmed Combat | 4 5 7 8 9 11 13 14 16 18 | 18.1
Fighting       | 3 4 5 6 7 8 |  8.0
Dodging        | 1 |  1.5
Throwing       | 2 5 7 |  7.0
Invocations    | 4 |  4.6
Armour         | 1 |  1.0
Spellcasting   | |  1.0
Fire Magic     | |  2.1

Action                   |  1- 3 |  4- 6 |  7- 9 | 10-12 | 13-15 || total
-------------------------+-------+-------+-------+-------+-------++-------
Melee: Unarmed           |    95 |   103 |   264 |   467 |    43 ||   972
       Punch             |     3 |     1 |    10 |    14 |     6 ||    34
Throw: Boomerang         |       |       |    46 |     8 |       ||    54
       Javelin           |       |       |     2 |    36 |       ||    38
       Large rock        |       |       |       |    63 |     2 ||    65
Invok: Fiery Armour      |       |       |     6 |     7 |       ||    13
       Heroism           |       |       |       |    13 |     1 ||    14
  Use: Scroll            |     6 |     3 |     9 |     4 |       ||    22
       Potion            |       |     3 |     6 |     5 |       ||    14
Armor: Robe              |    19 |     9 |    68 |   139 |    16 ||   251
Dodge: Dodged            |    20 |    24 |    67 |   143 |    17 ||   271
       Repelled          |       |     5 |     2 |     1 |       ||     8
Block: Other             |     7 |    15 |    29 |    72 |     8 ||   131
       Reflection        |       |       |     4 |     2 |       ||     6

Table legend:
 A = Non-vault XP
 B = Vault XP
 C = Vault XP percentage of total XP
 D = Non-vault monster count
 E = Vault monster count
 F = Vault count percentage of total count
                 A         B        C        D         E       F
            +---------+---------+-------+---------+---------+-------
      Total |   31616 |    9725 |  23.5 |     279 |      66 |  19.1
            +---------+---------+-------+---------+---------+-------
        D:1 |      49 |       0 |   0.0 |      24 |       0 |   0.0
        D:2 |      74 |      74 |  50.0 |      22 |       2 |   8.3
        D:3 |     249 |     281 |  53.0 |      29 |       1 |   3.3
        D:4 |     694 |     769 |  52.6 |      20 |       5 |  20.0
        D:5 |     604 |     580 |  49.0 |      22 |       3 |  12.0
        D:6 |     834 |       0 |   0.0 |      14 |       0 |   0.0
        D:7 |    1030 |    1169 |  53.2 |      26 |      13 |  33.3
        D:8 |    2295 |     747 |  24.6 |      20 |       7 |  25.9
     Lair:1 |    4966 |    2994 |  37.6 |      26 |       6 |  18.8
     Lair:2 |    4288 |    1359 |  24.1 |      15 |       7 |  31.8
     Lair:3 |    4548 |     479 |   9.5 |      18 |       3 |  14.3
     Lair:4 |    4623 |       0 |   0.0 |      20 |       0 |   0.0
     Lair:5 |    7362 |    1115 |  13.2 |      23 |       3 |  11.5
    Ossuary |       0 |     158 | 100.0 |       0 |      16 | 100.0
            +---------+---------+-------+---------+---------+-------
